Map: Oxide LE

Players

uwuThermal (uThermal)

  • Race: Terran Terran
  • League: Master

Denver - Winner!

  • Race: Zerg Zerg
  • League: Master

Event: DreamHack SC2 Masters 2021 Summer

VOD

Have the link to the VOD?

Description

Time

  • Played on: May 27, 2021, 12:29 p.m.
  • Length: 11:52

All games in this series

Show
View Real Time Build Order
Export as new Build Order

uwuThermal Terran 

Build Orders:  

Get SALT Encoding   

  12  0:00  SCV  
  13  0:12  SCV  
  14  0:17  Supply Depot  
  14  0:24  SCV  
  15  0:38  SCV  
  15  0:39  Barracks  
  16  0:42  Refinery  
  16  0:50  SCV  
  17  1:02  SCV  
  18  1:15  SCV  
  19  1:26  Barracks Reactor  
  19  1:27  Orbital Command  
  19  1:39  Command Center  
  19  1:47  Supply Depot  
  19  1:52  SCV  
  20  2:02  Marine x2  
  20  2:04  SCV  
  23  2:09  Factory  
  23  2:17  SCV  
  23  2:20  Marine x2  
  26  2:25  Refinery  
  26  2:29  SCV  
  27  2:37  Marine  
  27  2:38  Marine  
  27  2:41  SCV  
  30  2:50  Orbital Command  
  30  2:53  SCV  
  30  2:55  Marine x2  
  33  2:58  Starport  
  33  3:01  Factory Reactor  
  33  3:06  SCV  
  34  3:13  Marine  
  34  3:16  SCV  
  34  3:18  SCV, Supply Depot  
  37  3:21  Marine  
  38  3:28  SCV  
  38  3:30  SCV  
  38  3:31  Marine  
  41  3:39  Marine  
  41  3:40  SCV  
  43  3:41  Medivac  
  43  3:42  Medivac, Supply Depot  
  43  3:45  Widow Mine  
  49  3:49  Marine  
  49  3:52  SCV  
  52  3:57  Marine  
  52  4:05  Command Center  
  52  4:09  Supply Depot  
  52  4:20  Hellion x2  
  52  4:23  SCV  
  56  4:24  Fusion Core  
  56  4:25  SCV  
  56  4:29  Starport Tech Lab  
  57  4:35  SCV  
  58  4:44  Hellion x2  
  61  4:50  SCV  
  61  4:51  Command Center  
  62  4:53  SCV, Supply Depot  
  63  5:11  SCV, Battlecruiser  
  63  5:12  SCV  
  63  5:13  Refinery  
  68  5:14  Refinery, Hellion x2  
  68  5:17  Supply Depot  
  70  5:23  SCV  
  70  5:24  SCV  
  72  5:35  SCV, Supply Depot  
  73  5:36  SCV, Hellion x2  
  78  5:47  SCV  
  79  5:50  Factory  
  79  5:53  Factory  
  79  5:57  SCV  
  80  6:02  Hellion  
  82  6:07  SCV  
  82  6:09  SCV, Hellion  
  86  6:22  Battlecruiser  
  86  6:23  SCV  
  86  6:25  SCV  
  94  6:29  Hellion  
  94  6:32  Hellion  
  98  6:36  Orbital Command  
  98  6:39  Factory Tech Lab x2  
  98  6:41  SCV  
  98  6:44  SCV  
  100  6:50  Engineering Bay  
  100  6:51  Supply Depot  
  100  6:54  SCV  
  101  7:01  Cyclone x2  
  101  7:04  Widow Mine  
  109  7:11  Supply Depot  
  109  7:12  Supply Depot  
  109  7:13  Widow Mine, SCV x2  
  113  7:18  Missile Turret  
  113  7:19  Missile Turret  
  113  7:20  SCV  
  113  7:22  Missile Turret  
  114  7:27  SCV  
  115  7:36  Battlecruiser  
  115  7:37  SCV  
  122  7:39  SCV  
  122  7:42  SCV  
  124  7:45  Widow Mine x2  
  124  7:50  Weapon Refit, SCV  
  129  7:55  SCV, Missile Turret  
  129  7:56  SCV  
  131  8:03  SCV  
  132  8:05  Supply Depot  
  132  8:07  Supply Depot  
  132  8:13  Refinery  
  132  8:15  Refinery, SCV  
  132  8:18  Cyclone x2  
  131  8:25  Hellion x2  
  133  8:27  SCV  
  133  8:29  SCV  
  129  8:35  SCV  
  129  8:39  SCV  
  129  8:40  Armory  
  129  8:41  SCV, Armory  
  129  8:47  SCV  
  131  8:51  Hellion x2  
  131  8:54  Cyclone x2  
  131  8:55  SCV x2  
  143  9:04  Supply Depot  
  143  9:12  Battlecruiser  
  149  9:19  Supply Depot  
  149  9:20  Hellion x2  
  153  9:24  Mag-Field Accelerator  
  153  9:29  Terran Vehicle And Ship Armor Level 1, Terran Vehicle Weapons Level 1  
  153  9:35  Cyclone  
  153  9:37  Missile Turret  
  156  9:41  Cyclone  
  155  9:47  Hellion  
  155  9:49  Infernal Pre-Igniter  
  157  10:00  Factory  
  157  10:01  Factory  
  157  10:02  Supply Depot  
  157  10:08  Missile Turret  
  157  10:10  Hellion  
  157  10:11  Hellion  
  157  10:13  Cyclone  
  164  10:26  Command Center, Supply Depot  
  162  10:37  Cyclone  
  146  10:45  Cyclone  
  146  10:46  SCV  
  143  10:53  Factory Tech Lab  
  143  10:59  Widow Mine  
  143  11:00  Widow Mine x3  
  151  11:06  Supply Depot  
  151  11:09  Cyclone, Supply Depot  
  160  11:20  Siege Tank  
  160  11:21  Sensor Tower  
Show
View Real Time Build Order
Export as new Build Order

Denver Zerg - Winner!

Build Orders: Hatch First 

Get SALT Encoding   

  12  0:00  Drone  
  13  0:13  Overlord  
  13  0:17  Drone  
  14  0:32  Drone x2  
  16  0:48  Hatchery  
  15  0:52  Drone  
  15  0:55  Drone  
  17  0:59  Drone  
  18  1:09  Extractor  
  17  1:14  Spawning Pool  
  17  1:18  Drone  
  17  1:20  Drone  
  18  1:29  Drone  
  20  1:40  Drone  
  20  1:50  Overlord  
  20  2:01  Queen x2  
  20  2:02  Zergling x4  
  26  2:11  Drone  
  26  2:13  Metabolic Boost  
  27  2:16  Drone  
  27  2:22  Drone  
  29  2:23  Drone  
  30  2:37  Hatchery  
  30  2:39  Drone  
  30  2:41  Drone  
  31  2:47  Overlord  
  31  2:50  Drone  
  32  2:56  Queen  
  35  2:58  Drone  
  35  3:01  Drone  
  36  3:07  Drone x2  
  36  3:10  Drone  
  36  3:11  Drone  
  40  3:14  Drone  
  40  3:19  Overlord  
  41  3:21  Drone  
  41  3:24  Queen  
  44  3:32  Overlord  
  44  3:37  Overlord  
  44  3:38  Queen  
  44  3:39  Drone  
  47  3:44  Drone  
  47  3:46  Baneling Nest  
  47  3:51  Zergling x6  
  47  3:52  Zergling x2  
  51  3:56  Queen  
  51  3:59  Drone  
  54  4:04  Zergling x2  
  54  4:05  Zergling x4  
  54  4:08  Drone x2  
  59  4:11  Drone x2  
  59  4:14  Zergling x2  
  62  4:19  Queen  
  64  4:24  Zergling x2  
  64  4:25  Zergling x4  
  64  4:30  Drone, Spore Crawler  
  67  4:31  Baneling x3  
  67  4:34  Drone x3  
  67  4:35  Drone  
  67  4:37  Drone  
  72  4:44  Drone x2  
  72  4:45  Overlord  
  73  4:48  Overlord  
  73  4:51  Drone  
  73  4:52  Overlord  
  73  4:56  Lair  
  71  5:11  Zergling x16  
  71  5:13  Queen  
  78  5:16  Extractor  
  78  5:17  Extractor  
  78  5:19  Drone  
  78  5:20  Drone x3  
  80  5:22  Extractor  
  80  5:23  Overlord x2  
  80  5:26  Drone  
  80  5:27  Drone x2  
  82  5:31  Drone  
  82  5:34  Drone  
  82  5:35  Drone  
  85  5:37  Spore Crawler  
  85  5:38  Spore Crawler  
  85  5:41  Drone x3  
  86  5:45  Drone x4  
  86  5:46  Spore Crawler  
  86  5:49  Baneling x4  
  89  5:51  Zergling x4  
  90  5:59  Zergling x2  
  90  6:00  Zergling x8  
  95  6:07  Baneling x2, Spire  
  95  6:09  Extractor, Drone x4  
  97  6:11  Extractor  
  97  6:12  Overseer  
  97  6:14  Drone x3  
  97  6:17  Drone x3  
  102  6:25  Overlord  
  102  6:28  Drone  
  102  6:29  Drone x3  
  102  6:32  Evolution Chamber x2  
  104  6:35  Overlord x2  
  104  6:39  Overseer  
  104  6:41  Hatchery  
  104  6:45  Spore Crawler  
  102  6:55  Drone x5  
  102  6:58  Zerg Ground Armor Level 1  
  102  6:59  Zerg Melee Weapons Level 1  
  107  7:02  Centrifical Hooks  
  107  7:10  Drone  
  107  7:11  Drone x2  
  110  7:16  Pneumatized Carapace, Overseer  
  111  7:26  Hatchery, Drone  
  111  7:27  Drone x3  
  113  7:32  Hatchery  
  113  7:34  Overlord  
  112  7:40  Drone x10  
  112  7:42  Overlord x4  
  112  7:43  Zerg Flyer Weapons Level 1  
  121  7:48  Overlord  
  121  7:50  Overlord  
  121  7:52  Overlord  
  121  7:56  Zergling x6  
  124  8:00  Burrow  
  124  8:01  Baneling x7  
  124  8:04  Zergling x10  
  129  8:09  Zergling x6  
  131  8:19  Zergling x2  
  135  8:20  Zergling x8  
  133  8:30  Corruptor x5  
  140  8:34  Corruptor x3  
  140  8:40  Corruptor x2  
  143  8:43  Drone x3  
  141  8:51  Drone x3  
  144  8:55  Zerg Missile Weapons Level 1, Zerg Melee Weapons Level 2  
  144  8:57  Roach Warren  
  144  8:58  Zergling x6  
  146  9:05  Zergling x18  
  146  9:07  Baneling x3  
  155  9:19  Hatchery, Zergling x18  
  163  9:28  Zergling x12  
  169  9:32  Baneling x12  
  169  9:38  Overlord, Glial Reconstitution  
  168  9:50  Roach x7  
  168  9:52  Extractor, Overlord x3  
  182  9:53  Extractor, Spore Crawler  
  182  9:56  Overlord  
  182  9:57  Baneling x4  
  182  9:58  Infestation Pit  
  178  10:01  Overlord  
  178  10:04  Overlord  
  178  10:07  Overlord  
  178  10:10  Overlord  
  178  10:12  Drone x12  
  178  10:13  Drone  
  190  10:15  Baneling  
  190  10:16  Roach  
  190  10:17  Ravager x3  
  175  10:47  Zergling x34, Roach x5  
  191  10:55  Corruptor x5  
  195  11:05  Spine Crawler  
  195  11:06  Spine Crawler  
  195  11:09  Baneling x10  
  195  11:10  Baneling x2  
  195  11:11  Zergling x14  
  200  11:13  Overseer  
  200  11:14  Overseer  
  200  11:21  Baneling x5  
  200  11:30  Zergling x12  
Tags
 
Add a new tag
Caveats
  • Supply blocks, unpowered buildings, or Contaminate may cause inaccurate times.
  • Supply counts are checked every 10 seconds.